 Dungeon Crawl Stone Soup version 0.30.0-19-g36f170ea60 (webtiles) character file.

Game seed: 15377103133871215486

11502 Bnni the Geomancer (level 12, 0/92 HPs)
             Began as a Formicid Earth Elementalist on May 31, 2023.
             Was a High Priest of Cheibriados.
             Slain by a gnoll sergeant
             ... wielding a +0 spear
              (6 damage)
             ... on level 10 of the Dungeon.
             The game lasted 00:35:21 (11275 turns).

Bnni the Geomancer (Formicid Earth Elementalist)   Turns: 11275, Time: 00:35:23

Health: 0/92       AC: 11    Str: 23    XL:     12   Next: 8%
Magic:  3/23       EV: 11    Int: 32    God:    Cheibriados [*****.]
Gold:   695        SH:  0    Dex: 25    Spells: 7/26 levels left

rFire   + . .        o - +6 trident (flame)
rCold   . . .        (no shield)
rNeg    . . .        k - +0 scale mail
rPois   +            (helmet unavailable)
rElec   .            A - +1 cloak {rPois}
rCorr   .            p - +1 pair of gloves "Reiveck" {rF+}
SInv    +            F - +0 pair of boots
Will    +....        x - amulet of faith
Stlth   +            (no ring)
HPRegen 0.35/turn    (no ring)
MPRegen 0.18/turn

%: faith
@: animating dead, very slow
A: permanent stasis, dig shafts and tunnels, antennae 3, four strong arms
a: Dig, Shaft Self, Renounce Religion, Bend Time, Temporal Distortion, Slouch,
Step From Time


You were on level 10 of the Dungeon.
You worshipped Cheibriados.
Cheibriados was extremely pleased with you.
You visited 2 branches of the dungeon, and saw 11 of its levels.
You also visited: Bailey.

You collected 695 gold pieces.

Inventory:

Hand Weapons
 o - a +6 trident of flaming (weapon)
Missiles
 l - 2 curare-tipped darts
 m - 8 poisoned darts
Armour
 k - a +0 scale mail (worn)
 p - the +1 pair of gloves "Reiveck" (worn) {rF+}
   (You found it on level 2 of the Dungeon)

   rF:        It protects you from fire.
 y - a +0 chain mail
 A - a +1 cloak of poison resistance (worn)
 D - a +0 plate armour
 F - a +0 pair of boots (worn)
Jewellery
 x - an amulet of faith (around neck)
 B - an amulet of magic regeneration
 J - an amulet of regeneration
Wands
 g - a wand of iceblast (10)
 w - a wand of charming (13)
 z - a wand of digging (5)
 E - a wand of flame (14)
 I - a wand of polymorph (4)
Scrolls
 a - 2 scrolls of magic mapping {unknown}
 c - a scroll of silence {unknown}
 d - 3 scrolls of fog {unknown}
 e - a scroll of enchant weapon {unknown}
 i - 5 scrolls of teleportation {unknown}
 j - 5 scrolls of poison
 n - 3 scrolls of fear {unknown}
 s - a scroll of amnesia
 t - a scroll of enchant armour
 u - 3 scrolls of immolation
Potions
 b - 2 potions of brilliance {unknown}
 f - 2 potions of might
 h - 2 potions of mutation {unknown}
 q - 3 potions of curing
 r - 2 potions of berserk rage {unknown}
 v - 4 potions of flight
 C - a potion of lignification {unknown}
 H - a potion of haste {unknown}
 L - a potion of invisibility {unknown}
Miscellaneous
 G - a phial of floods
 K - a condenser vane


   Skills:
 + Level 8.1 Fighting
 - Level 1.7 Dodging
 - Level 2.4 Stealth
 + Level 7.8 Spellcasting
 - Level 0.3 Conjurations
 * Level 9.2 Necromancy
 - Level 3.0 Transmutations
 * Level 13.0 Earth Magic
 + Level 5.6 Invocations


You had 7 spell levels left.
You knew the following spells:

 Your Spells              Type           Power      Damage    Failure   Level
a - Sandblast             Erth           100%       2d20      1%          1
b - Passwall              Tmut/Erth      49%        N/A       1%          2
c - Stone Arrow           Conj/Erth      100%       3d13      1%          3
d - Petrify               Tmut/Erth      59%        N/A       3%          4
e - Animate Dead          Necr           64%        N/A       2%          4
h - Borgnjor's Vile Clut  Necr/Erth      35%        N/A       3%          5

Your spell library contained the following spells:

 Spells                   Type           Power      Damage    Failure   Level
 Frozen Ramparts          Ice            24%        1d4       30%         3
 Death Channel            Necr           32%        N/A       34%         6
 Ice Form                 Ice/Tmut       22%        N/A       50%         4
 Summon Ice Beast         Ice/Summ       12%        N/A       71%         4


Dungeon Overview and Level Annotations

Branches:
Dungeon (10/15)            Temple (1/1) D:6            Lair (0/5) D:8
 Bailey (visited)
    Orc: D:9-12

Altars:
Ashenzari
Cheibriados
Dithmenos
Elyvilon
Fedhas
Gozag
Hepliaklqana
Kikubaaqudgha
Makhleb
Nemelex Xobeh
Okawaru
Qazlal
Ru
Sif Muna
Trog
Uskayaw
Vehumet
Wu Jian
Xom
Yredelemnul
Zin
The Shining One

Shops:
D:8 (

Annotations:
D:7 2 transporters, raetorn's ghost, novice DjFE


Innate Abilities, Weirdness & Mutations

You cannot be hasted, slowed, berserked, paralysed or teleported.
You can dig through walls and to a lower floor.
You have a pair of large antennae on your head. (SInv)
Your four strong arms can wield two-handed weapons with a shield.


Message History

A gnoll comes into view. It is wielding a +2 vampiric spear.
The gnoll sergeant barely misses you.
The killer bee stings you but does no damage.
The killer bee stings you but does no damage.
The killer bee stings you!
* * * LOW HITPOINT WARNING * * *
The gnoll sergeant hits you but does no damage.
The killer bee barely misses you. The killer bee stings you.
* * * LOW HITPOINT WARNING * * *
You are poisoned.
The killer bee poisons you! The killer bee closely misses you.
The gnoll sergeant hits you from afar with a +0 spear.
* * * LOW HITPOINT WARNING * * *
Unknown command.
Casting: Animate Dead (dangerous; 2% risk of failure)
Confirm with . or Enter, or press ? or * to list all spells.
Aiming: Borgnjor's Vile Clutch (dangerous; 3% risk of failure)
Press: ? - help, Shift-Dir - straight line, f - gnoll sergeant
Aim: a gnoll sergeant, wielding a +0 spear and wearing a +0 scale mail (100% to hit)
Zombie hands grab the killer bee.
Zombie hands grab the gnoll sergeant.
The gnoll shouts!
The zombie hands constrict the gnoll sergeant!
The zombie hands constrict the killer bee!
You feel sick. The killer bee stings you.
* * * LOW HITPOINT WARNING * * *
The killer bee stings you.
* * * LOW HITPOINT WARNING * * *
You are more poisoned.
The killer bee poisons you!
The gnoll sergeant hits you from afar with a +0 spear.
* * * LOW HITPOINT WARNING * * *
You feel better.
The zombie hands constrict the gnoll sergeant.
The zombie hands constrict the killer bee!
You kill the killer bee!
Cheibriados thoroughly appreciates the change of pace.
The dead are flying!
The gnoll sergeant hits you from afar with a +0 spear.
You die... ### .##.#.# { ≈ ....{. ####.#.#####.# ## ###+###.....†..†)..# .# #.#≈≈~≈≈####.#†####### .####.#≈~≈~≈# #g#.# {{ { ......#~≈~≈~####Zg.# {{ {{ Z####.#≈~≈~≈#....#.# {{{{{ .## #.###'######@#.# {{{{{

..###.###....###.#..
{{ {{
.......##....<##.####
...#...........#.#
........#......#.#
##.####.##...#.#.##
..)...#.......Z...#
.))...#.###.#≈≈≈≈.#
......#.###..≈....#


You could see a gnoll sergeant (clutched, ally target), a gnoll and a friendly
killer bee zombie.

Vanquished Creatures
  2 two-headed ogres (D:9)
  A wizard (D:9)
  2 orc knights (Bailey)
  5 large abominations (D:9)
  A komodo dragon (D:8)
  3 hornets
  A wyvern (D:9)
  14 yaks
  A steam dragon (D:10)
  Menkaure (D:7)
  6 small abominations
  An acid dragon (D:9)
  Duvessa (D:7)
  An ice beast (D:7)
  6 orc warriors
  A sky beast (D:6)
  3 black bears
  3 centaurs
  4 ogres
  A phantom (D:5)
  2 kobold brigands
  6 scorpions
  5 wights (D:6)
  Dowan (D:7)
  5 killer bees (D:10)
  4 jellies
  8 hounds
  Crazy Yiuf (D:7)
  6 iguanas
  Ijyb (D:4)
  3 orc wizards
  2 sleepcaps
  Natasha (D:2)
  Robin (D:2)
  10 gnolls
  5 adders
  2 shadow imps
  2 white imps
  An ufetubus (D:6)
  3 worms
  3 dart slugs
  10 orcs
  8 ball pythons
  5 endoplasms
  3 giant cockroaches
  19 goblins
  14 hobgoblins
  6 jackals
  5 quokkas
  9 bats
  2 frilled lizards
  22 kobolds
  11 rats
  A spectral orc (D:8)
245 creatures vanquished.

Vanquished Creatures (collateral kills)
  A small abomination (D:9)
  A killer bee (D:10)
2 creatures vanquished.

Vanquished Creatures (others)
  2 kobold zombies (D:10)
  4 orc zombies (D:10)
6 creatures vanquished.

Grand Total: 253 creatures vanquished

Notes
Turn   | Place    | Note
-------+----------+-------------------------------------------
     0 | D:1      | Bnni the Formicid Earth Elementalist began the quest for
                  | the Orb.
     0 | D:1      | Reached XP level 1. HP: 13/13 MP: 3/3
   158 | D:1      | Reached XP level 2. HP: 20/20 MP: 0/5
   228 | D:1      | Reached skill level 4 in Earth Magic
   553 | D:1      | Reached XP level 3. HP: 25/25 MP: 6/6
   580 | D:1      | Reached skill level 1 in Fighting
   605 | D:1      | Found a faded altar of an unknown god.
  1661 | D:2      | Reached XP level 4. HP: 26/32 MP: 8/8
  1756 | D:2      | Identified the +1 pair of gloves "Reiveck" {rF+}
  1772 | D:2      | Learned a level 2 spell: Passwall
  1776 | D:2      | Learned a level 3 spell: Stone Arrow
  1792 | D:2      | Noticed Natasha
  1799 | D:2      | Killed Natasha
  2039 | D:2      | Noticed Robin
  2055 | D:2      | Reached XP level 5. HP: 34/36 MP: 3/9
  2073 | D:2      | HP: 1/32 [Robin/+6 trident of flaming (2)]
  2076 | D:2      | Killed Robin
  2077 | D:2      | Reached skill level 5 in Earth Magic
  2571 | D:3      | Found an opulent altar of Gozag.
  2818 | D:3      | Found an ancient bone altar of Kikubaaqudgha.
  3083 | D:3      | Learned a level 4 spell: Petrify
  3094 | D:4      | Found a shimmering altar of Xom.
  3099 | D:4      | Found a shimmering altar of Xom.
  3100 | D:4      | Found a shimmering altar of Xom.
  3100 | D:4      | Found a shimmering altar of Xom.
  3117 | D:4      | Noticed Ijyb
  3128 | D:4      | Killed Ijyb
  3129 | D:4      | Reached XP level 6. HP: 6/45 MP: 5/10
  3456 | D:4      | Reached skill level 6 in Earth Magic
  3540 | D:4      | Found an ornate altar of the Wu Jian Council.
  3645 | D:4      | Noticed an ogre
  3786 | D:4      | Killed an ogre
  3787 | D:4      | Reached XP level 7. HP: 52/52 MP: 2/12
  4220 | D:4      | Reached skill level 7 in Earth Magic
  4343 | D:4      | Found a radiant altar of Vehumet.
  4680 | D:5      | Entered Level 5 of the Dungeon
  4739 | D:5      | Reached skill level 1 in Necromancy
  4739 | D:5      | Reached XP level 8. HP: 60/60 MP: 7/14
  5092 | D:5      | Learned a level 5 spell: Borgnjor's Vile Clutch
  5114 | D:5      | Reached skill level 8 in Earth Magic
  6005 | D:6      | Reached skill level 5 in Spellcasting
  6005 | D:6      | Reached XP level 9. HP: 67/67 MP: 12/16
  6059 | D:6      | Reached skill level 5 in Fighting
  6063 | D:6      | Reached skill level 9 in Earth Magic
  6077 | D:6      | Found a staircase to the Ecumenical Temple.
  6101 | Temple   | Entered the Ecumenical Temple
  6332 | Temple   | Became a worshipper of Cheibriados the Contemplative
  6521 | D:6      | Found a hazy altar of Hepliaklqana.
  7107 | D:7      | Found a transporter.
  7109 | D:7      | Noticed a moth of wrath
  7111 | D:7      | Noticed raetorn's ghost (novice DjFE)
  7115 | D:7      | Found a bloodstained altar of Trog.
  7132 | D:7      | Noticed Menkaure
  7135 | D:7      | Killed Menkaure
  7136 | D:7      | Reached skill level 5 in Necromancy
  7366 | D:7      | Found a runed translucent door.
  7367 | D:7      | Noticed Crazy Yiuf
  7396 | D:7      | Found a transporter.
  7409 | D:7      | Noticed Duvessa
  7410 | D:7      | Noticed Dowan
  7417 | D:7      | Killed Duvessa
  7418 | D:7      | Killed Dowan
  7418 | D:7      | Reached * piety under Cheibriados
  7514 | D:7      | Reached skill level 10 in Earth Magic
  7759 | D:7      | Reached XP level 10. HP: 76/76 MP: 15/18
  7878 | D:7      | Killed Crazy Yiuf
  8102 | D:8      | Found a staircase to the Lair.
  8103 | D:8      | Noticed a komodo dragon
  8166 | D:8      | Reached skill level 1 in Invocations
  8230 | D:8      | Found a flagged portal.
  8239 | D:8      | Identified the +4 hand axe "Dounerhimn" {antimagic, *Noise
                  | rElec Int+3 Dex+4}
  8242 | Bailey   | Entered a bailey
  8248 | Bailey   | Noticed an orc knight
  8251 | Bailey   | Noticed an orc knight
  8264 | Bailey   | Killed an orc knight
  8264 | Bailey   | Reached ** piety under Cheibriados
  8265 | Bailey   | Reached skill level 11 in Earth Magic
  8544 | Bailey   | Killed an orc knight
  9191 | D:8      | Found a shimmering blue altar of Sif Muna.
  9192 | D:8      | Found a glowing golden altar of the Shining One.
  9266 | D:8      | Found Zouplydgh's Weapon Shoppe.
  9322 | D:8      | Found a basalt altar of Yredelemnul.
  9389 | D:8      | Killed a komodo dragon
  9567 | D:9      | Noticed a two-headed ogre
  9573 | D:9      | Killed a two-headed ogre
  9574 | D:9      | Reached XP level 11. HP: 84/84 MP: 15/21
  9636 | D:9      | Reached *** piety under Cheibriados
  9707 | D:9      | Noticed a two-headed ogre
  9712 | D:9      | Killed a two-headed ogre
  9834 | D:9      | Reached skill level 12 in Earth Magic
  9884 | D:9      | Noticed a wizard
  9888 | D:9      | Killed a wizard
  9988 | D:9      | Noticed a large abomination
 10004 | D:9      | Noticed a large abomination
 10009 | D:9      | Killed a large abomination
 10298 | D:9      | Killed a large abomination
 10299 | D:9      | Reached skill level 5 in Invocations
 10458 | D:9      | Reached **** piety under Cheibriados
 10622 | D:9      | Learned a level 4 spell: Animate Dead
 10628 | D:9      | Found a broken altar of Ashenzari.
 10803 | D:10     | Entered Level 10 of the Dungeon
 10823 | D:10     | Found a sparkling altar of Nemelex Xobeh.
 11230 | D:10     | Reached XP level 12. HP: 72/92 MP: 17/23
 11236 | D:10     | Reached skill level 13 in Earth Magic
 11264 | D:10     | Reached ***** piety under Cheibriados
 11274 | D:10     | HP: 3/92 [killer bee (3)]
 11274 | D:10     | HP: 1/92 [gnoll sergeant/+0 spear (2)]
 11275 | D:10     | Slain by a gnoll sergeant

Illustrated notes

Levels and vault maps discovered:
D:1:      minmay_arrival_pointy, layout_rooms, serial_co_window_serial,
          co_window_of_opportunity_a, co_window_paths_a, co_window_paths_b,
          co_window_of_opportunity_a, co_window_paths_a,
          co_window_unsneaky_path_b, co_window_broadway_b, co_window_corner_b,
          co_window_of_opportunity_c, co_window_broadway_b, co_window_4corner_a,
          co_window_paths_d, glass_columns_b, glass_columns_c, glass_columns_b,
          ebering_ecumenical_altar_sacrificial
D:2:      layout_loops_corners, corexii_item_surrounded_by_moat,
          hangedman_decor_lopped, kennysheep_crisscross,
          nicolae_figureground_sparkle, uniq_natasha, uniq_robin
D:3:      layout_basic, nicolae_kikubaaqudgha_miasma_corner,
          mainiacjoe_overflow_six_doors_small
D:4:      layout_loops_corners, xom_redecorated,
          mainiacjoe_overflow_catch_the_wave, nrook_mini_vaults, uniq_ijyb
D:5:      layout_basic, minmay_misc_feat_tower, minmay_misc_feat_rugged
D:6:      layout_loops_ring, nicolae_hepliaklqana_hippocampus,
          minmay_temple_entry_slanted
D:7:      layout_basic, gammafunk_ghost_wrathful_warriors, uniq_menkaure,
          uniq_crazy_yiuf_cottage, uniq_duvessa
D:8:      layout_gridville, yredelemnul_forgotten_temple_becter,
          gammafunk_temple_overflow_statue, david_lair_shrubbed, serial_shops,
          nicolae_stop_n_shop_1, enter_bailey_2
D:9:      layout_cave_pools, mainiacjoe_overflow_small_starburst,
          kennysheep_nub, laboratory
D:10:     layout_loops_ring, lemuel_tele_altar, david_orc_5, special_room
          [special_room_orc], serial_rivers, chequers_serial_rivers_room_b,
          chequers_serial_rivers_micro_c, chequers_serial_rivers_small_3,
          chequers_serial_rivers_micro_d, minmay_misc_feat_room
Temple:   minmay_temple_curvy_loop

Skill      XL: |  1  2  3  4  5  6  7  8  9 10 11 12 |
---------------+-------------------------------------+-----
Earth Magic    | 4 5 6 7 8 10 11 12 13 | 13.0
Fighting       | 1 2 3 4 5 7 8 |  8.1
Transmutations | 2 3 |  3.0
Spellcasting   | 3 4 5 6 7 |  7.8
Necromancy     | 1 3 5 7 9 |  9.2
Invocations    | 3 5 |  5.6
Dodging        | |  1.7
Stealth        | |  2.4
Conjurations   | |  0.3

Action                     |  1- 3 |  4- 6 |  7- 9 | 10-12 || total
---------------------------+-------+-------+-------+-------++-------
  Melee: Unarmed           |     4 |       |       |       ||     4
         Dagger            |    73 |    29 |       |       ||   102
         Trident           |       |    66 |    65 |   118 ||   249
         Punch             |       |       |     1 |       ||     1
  Throw: Dart              |       |     1 |     5 |       ||     6
   Cast: Sandblast         |    17 |    47 |    90 |    12 ||   166
         Stone Arrow       |       |     2 |     5 |    14 ||    21
         Borgnjor's Vile C |       |       |     1 |    40 ||    41
         Animate Dead      |       |       |       |     3 ||     3
Ability: Dig               |       |     2 |       |     1 ||     3
  Evoke: Wand              |       |       |       |     2 ||     2
    Use: Scroll            |       |     3 |     3 |     2 ||     8
         Potion            |       |     1 |       |     2 ||     3
   Stab: Sleeping          |     6 |     5 |     1 |       ||    12
         Distracted        |     1 |       |       |       ||     1
 Armour: Robe              |    16 |    34 |     8 |       ||    58
         Ring mail         |       |       |    37 |    14 ||    51
         Scale mail        |       |       |       |    53 ||    53
  Dodge: Dodged            |    53 |    95 |    50 |   109 ||   307
